 Dungeon Crawl Stone Soup version 0.20.1-1-g8b1a95d (webtiles) character file.

4752 equalderp2856 the Cleaver (level 10, -2/132 HPs)
             Began as a Minotaur Fighter on July 31, 2017.
             Slain by a gargoyle
             ... wielding a +0 mace
              (5 damage)
             ... while paralysed
             ... on level 7 of the Dungeon.
             The game lasted 00:26:19 (10513 turns).

equalderp2856 the Cleaver (Minotaur Fighter)       Turns: 10513, Time: 00:26:19

Health: -2/132     AC: 25    Str: 25    XL:     10   Next: 23%
Magic:  9/9        EV:  2    Int:  6    God:
Gold:   348        SH:  0    Dex: 13    Spells: 9/9 levels left

rFire    . . .     SeeInvis .   Q - -1 broad axe
rCold    . . .     Gourm    .   c - +0 shield
rNeg     + + +     Faith    .   (armour currently unavailable)
rPois    +         Spirit   .   (helmet currently unavailable)
rElec    .         Reflect  .   (cloak currently unavailable)
rCorr    .         Harm     .   (gloves currently unavailable)
MR       .....     NoTele   +   (boots currently unavailable)
Stlth    ++........             (no amulet)
Regen    0.4/turn               (no ring)
MPRegen  0.2/turn               (no ring)

@: paralysed, mighty, tree-form, berserk cooldown, hasted and slowed
A: (retaliatory headbutt)
a: no special abilities


You were on level 7 of the Dungeon.
You were near starving.
You were a tree.
You visited 1 branch of the dungeon, and saw 8 of its levels.

You collected 348 gold pieces.

Inventory:

Hand Weapons
 a - a +0 war axe
 x - a +1 blowgun
 y - a +0 short sword
 z - a +0 hunting sling
 N - a +0 shortbow
 Q - a -1 broad axe (weapon)
 V - a +0 hunting sling
Missiles
 k - 42 poisoned needles
 l - 61 arrows
 v - 11 tomahawks
 A - 115 stones (quivered)
 E - 57 sling bullets
 K - 6 poisoned javelins
 L - a throwing net
Armour
 b - a +0 scale mail
 c - a +0 shield (worn)
 g - a +0 cloak
 w - a cursed +0 leather armour
 P - a +0 robe
 R - a +0 chain mail (melded)
Jewellery
 t - an uncursed amulet of magic regeneration {unknown}
 C - an uncursed ring of see invisible {unknown}
 F - a cursed -2 ring of strength {unknown}
 M - an uncursed ring of protection from cold {unknown}
 O - an uncursed ring of protection from magic {unknown}
 S - an uncursed ring of flight {unknown}
Wands
 U - a wand of polymorph (12/24)
 Z - a wand of lightning (5/15)
Scrolls
 i - 2 scrolls of identify {unknown}
 m - 3 scrolls of enchant armour {unknown}
 p - 2 scrolls of enchant weapon
 r - 3 scrolls of remove curse
 u - a scroll of teleportation
 D - a scroll of recharging {unknown}
 G - 2 scrolls of amnesia
 J - a scroll of fear {unknown}
Potions
 d - a potion of might
 e - a potion of magic
 h - 7 potions of curing
 n - a potion of invisibility {unknown}
 o - a potion of haste
 s - a potion of agility {unknown}
 H - a potion of flight
 I - a potion of heal wounds {unknown}
 W - a potion of mutation {unknown}
 X - a potion of brilliance {unknown}
 Y - a potion of lignification
Books
 B - a book of Frost

   Spells                             Type                      Level
   a - Freeze                         Ice                          1
   b - Throw Frost                    Conjuration/Ice              2
   c - Ozocubu's Armour               Charms/Ice                   3
   d - Throw Icicle                   Conjuration/Ice              4
   e - Summon Ice Beast               Ice/Summoning                4
Comestibles
 f - 2 bread rations
 q - 3 meat rations


   Skills:
 + Level 8.0 Fighting
 + Level 11.2 Axes
 + Level 9.5 Armour
 + Level 3.5 Dodging
 + Level 1.1 Stealth
 + Level 8.1 Shields


You had 9 spell levels left.
You didn't know any spells.

Dungeon Overview and Level Annotations

Branches:
Dungeon (8/15)             Temple (0/1) D:6
   Lair: D:8-11

Altars:
Dithmenos
Gozag
Makhleb
Nemelex Xobeh
Okawaru
Qazlal
Ru
Trog
Uskayaw

Shops:
D:7 *

Annotations:
D:3 2 transporters


Innate Abilities, Weirdness & Mutations

((You reflexively headbutt those who attack you in melee.))
((You have a pair of horns on your head.))


Message History

The gargoyle hurls a stone arrow at you.
Helpless, you fail to dodge the stone arrow.
You hit the gargoyle but do no damage. The gargoyle barely misses you.
Your shield prevents you from hitting the gargoyle.
You feel your anger subside.
You feel less invigorated.
You feel less confused.
You hit the gargoyle but do no damage.
You are no longer berserk.
You pass out from exhaustion.
You feel yourself slow down. The gargoyle hits you with a mace.
* * * LOW HITPOINT WARNING * * *
The gargoyle hurls a stone arrow at you.
The stone arrow hits you!
* * * LOW HITPOINT WARNING * * *
The gargoyle hurls a stone arrow at you.
Helpless, you fail to dodge the stone arrow.
* * * LOW HITPOINT WARNING * * *
The gargoyle hits you with a mace.
You die...

......## ##.....................
#......# #..#...................
...#...####.##...................
.#####...#..##...................
.# ##....###...................
## ##.....#....................
## #..###..........†...........
.#####.####......9...............
.......# #......♣)...............
.......###.......[...............
#.####.....##....................
#.# #.##.####...................
.## ##.###.# ##..................
.####.## #.## #..................
...#..# ##.###..........).......
###.### #.##..#................
### ##.###.#...............


You could see a gargoyle.

Vanquished Creatures
  The ghost of Paps the Protected, a novice GrFi of Okawaru (D:7)
  The ghost of dmj the Covered, a novice HuFi (D:4)
  2 hippogriffs
  A hungry ghost (D:5)
  A water moccasin (D:8)
  Duvessa (D:7)
  2 phantoms
  4 ice beasts
  2 orc warriors
  2 sky beasts
  A black bear (D:6)
  4 centaurs
  3 ogres
  2 bullfrogs
  A wyvern zombie (D:7)
  Dowan (D:7)
  2 scorpions (D:4)
  3 killer bees (D:7)
  3 crimson imps
  A bullfrog zombie (D:7)
  7 hounds
  5 orc priests
  A jelly (D:8)
  5 orc wizards
  3 iguanas
  4 worker ants
  11 gnolls
  9 adders
  A shadow imp (D:5)
  2 oozes
  3 adder skeletons
  6 worms
  A dart slug (D:3)
  5 leopard geckos
  14 orcs
  5 giant cockroaches
  7 goblins
  7 hobgoblins
  7 jackals
  8 kobolds
  3 quokkas
  7 bats
  8 frilled lizards
  6 rats
173 creatures vanquished.

Notes
Turn   | Place    | Note
-------+----------+-------------------------------------------
     0 | D:1      | equalderp2856 the Minotaur Fighter began the quest for the Orb.
     0 | D:1      | Reached XP level 1. HP: 19/19 MP: 0/0
   224 | D:1      | Reached XP level 2. HP: 27/27 MP: 1/1
   793 | D:2      | Reached XP level 3. HP: 17/33 MP: 2/2
  1195 | D:2      | Reached skill level 3 in Axes
  1241 | D:2      | Reached XP level 4. HP: 30/40 MP: 3/3
  1773 | D:3      | Found a transporter.
  1790 | D:3      | Found a transporter.
  1832 | D:3      | Reached XP level 5. HP: 43/46 MP: 4/4
  1846 | D:3      | Found a sacrificial altar of Ru.
  1965 | D:3      | Found a faded altar of an unknown god.
  1989 | D:3      | Found a bloodstained altar of Trog.
  2072 | D:3      | Reached skill level 4 in Axes
  3131 | D:4      | Noticed dmj's ghost (novice HuFi)
  3197 | D:3      | Reached skill level 5 in Armour
  3631 | D:4      | Reached XP level 6. HP: 51/53 MP: 5/5
  3671 | D:4      | Reached skill level 5 in Shields
  3679 | D:4      | Reached skill level 5 in Axes
  3985 | D:4      | Reached skill level 1 in Dodging
  4238 | D:4      | Killed dmj's ghost
  4238 | D:4      | Reached skill level 5 in Fighting
  4238 | D:4      | Reached skill level 6 in Axes
  4238 | D:4      | Reached XP level 7. HP: 27/61 MP: 6/6
  4400 | D:5      | Entered Level 5 of the Dungeon
  4676 | D:5      | Found an opulent altar of Gozag.
  5033 | D:4      | Reached XP level 8. HP: 32/69 MP: 7/7
  5252 | D:5      | Reached skill level 7 in Axes
  5267 | D:5      | Found a hide-covered altar of Uskayaw.
  5823 | D:5      | Found a stormy altar of Qazlal.
  5947 | D:5      | Found an iron altar of Okawaru.
  5963 | D:5      | Found a sparkling altar of Nemelex Xobeh.
  6248 | D:5      | Reached skill level 8 in Axes
  6531 | D:6      | Reached skill level 1 in Stealth
  6953 | D:6      | Reached XP level 9. HP: 62/78 MP: 8/8
  6984 | D:6      | Found an opulent altar of Gozag.
  7072 | D:6      | Found a staircase to the Ecumenical Temple.
  7265 | D:7      | Reached skill level 9 in Axes
  7490 | D:7      | Found Ocanloegh's General Store.
  7896 | D:7      | Found a shadowy altar of Dithmenos.
  8118 | D:7      | Noticed Paps's ghost (novice GrFi)
  8158 | D:7      | Killed Paps's ghost
  8158 | D:7      | Reached skill level 10 in Axes
  8445 | D:7      | Noticed Dowan
  8446 | D:7      | Noticed Duvessa
  8454 | D:7      | Killed Duvessa
  8470 | D:7      | Killed Dowan
  9241 | D:7      | Found a burning altar of Makhleb.
  9241 | D:7      | Noticed an Executioner
  9245 | D:7      | Noticed a smoke demon
  9574 | D:8      | Reached XP level 10. HP: 80/88 MP: 9/9
  9982 | D:8      | Reached skill level 11 in Axes
 10144 | D:8      | Noticed a gargoyle
 10503 | D:7      | HP: 2/132 [gargoyle/stone arrow (21)]
 10512 | D:7      | HP: 2/132 [gargoyle/stone arrow (5)]
 10513 | D:7      | Slain by a gargoyle

Skill      XL: |  1  2  3  4  5  6  7  8  9 10 |
---------------+-------------------------------+-----
Shields        | 4 5 6 7 8 |  8.1
Armour         | 4 5 6 8 9 |  9.5
Fighting       | 4 5 6 7 8 |  8.0
Axes           | 3 4 6 8 10 11 | 11.2
Dodging        | 1 2 3 |  3.5
Stealth        | 1 |  1.1

Action                   |  1- 3 |  4- 6 |  7- 9 | 10-12 || total
-------------------------+-------+-------+-------+-------++-------
Melee: War axe           |    78 |   155 |    25 |       ||   258
       Headbutt          |     7 |    24 |    67 |    13 ||   111
       Broad axe         |       |       |   300 |    66 ||   366
  Use: Potion            |       |     1 |       |     7 ||     8
       Scroll            |       |       |     4 |       ||     4
  Eat: Chunk             |       |     9 |    16 |       ||    25
       Royal jelly       |       |       |     1 |       ||     1
       Bread ration      |       |       |     1 |       ||     1
Armor: Scale mail        |    43 |    73 |    10 |       ||   126
       Chain mail        |       |       |   153 |    26 ||   179
       Skin              |       |       |       |     2 ||     2
Dodge: Dodged            |    24 |    54 |    92 |    25 ||   195
Block: Shield            |    37 |   118 |   191 |    45 ||   391
